 Dungeon Crawl Stone Soup version 0.31-a0-986-g5e6e4ef867 (webtiles) character file.

Game seed: 15175836193264726953

17481 avis the Nimble (level 12, -7/54 HPs)
             Began as a Felid Shapeshifter on Nov 22, 2023.
             Was an Initiate of Gozag.
             Mangled by a merfolk
             ... wielding a +0 trident
              (18 damage)
             ... on level 2 of the Lair of Beasts on Nov 23, 2023.
             The game lasted 01:47:04 (13796 turns).

avis the Nimble (Felid Shapeshifter)               Turns: 13796, Time: 01:47:05

Health: -7/54      AC: 13    Str: 10    XL:     12   Next: 19%
Magic:  15/19      EV: 29    Int: 13    God:    Gozag
Gold:   892        SH:  0    Dex: 19    Spells: 9/19 levels left
                                        Lives:  0   Deaths: 4

rFire   . .          .
                       - Unarmed
rCold   + . .        (shield unavailable)
rNeg    . . .        (body armour unavailable)
rPois   .            (helmet unavailable)
rElec   .            (cloak unavailable)
rCorr   .            (gloves unavailable)
SInv    +            (boots unavailable)
Will    +....        (no amulet)
Stlth   ++           y - +4 ring of protection
HPRegen 0.29/turn    t - +4 ring of slaying
MPRegen 0.16/turn

%: no passive effects
@: ice-armoured, blade hands, gold aura, quick
A: very small, (claws 1), fangs 3, see invisible, speed 1, shaggy fur 3,
(stealthy paws), no weapons or thrown items, no armour, multi-lived
a: Begin Untransformation, Renounce Religion, Potion Petition, Call Merchant,
Bribe Branch


You were on level 2 of the Lair of Beasts.
You worshipped Gozag.
Gozag was pleased with you.
You had blades for front paws.
You visited 3 branches of the dungeon, and saw 12 of its levels.
You also visited: Ossuary and Bailey.

You collected 3043 gold pieces.
You spent 1457 gold pieces at shops.
You paid 694 gold pieces to Gozag.

Inventory:

Jewellery
 d - a ring of wizardry
 r - a ring of positive energy
 t - a +4 ring of slaying (right blade hand)
 v - a +5 ring of evasion
 y - a +4 ring of protection (left blade hand)
 z - a ring of ice
Talismans
 l - a blade talisman (active)
Wands
 e - a wand of roots (10)
 u - a wand of charming (3)
 E - a wand of polymorph (13)
Scrolls
 j - 3 scrolls of enchant weapon {unknown}
 k - 3 scrolls of poison {unknown}
 o - 4 scrolls of fog {unknown}
 q - 7 scrolls of teleportation {unknown}
 s - 2 scrolls of enchant armour {unknown}
 w - 5 scrolls of revelation
 A - a scroll of immolation {unknown}
Potions
 a - a potion of cancellation {unknown}
 c - 2 potions of resistance
 f - 2 potions of invisibility
 g - 15 potions of curing
 h - 8 potions of heal wounds
 m - 2 potions of degeneration {unknown}
 n - a potion of might {unknown}
 p - 3 potions of enlightenment
 x - 4 potions of brilliance
 F - a potion of magic {unknown}


   Skills:
 - Level 7.0 Fighting
 + Level 14.3 Dodging
 - Level 7.0 Unarmed Combat
 - Level 4.0 Spellcasting
 - Level 8.0 Ice Magic
 - Level 11.0 Shapeshifting


You had 9 spell levels left.
You knew the following spells:

 Your Spells              Type           Power      Damage    Failure   Level
o - Ozocubu's Armour      Ice            23%        N/A       2%          3
R - Ozocubu's Refrigerat  Ice            11%        4d10      100%        7

Your spell library contained the following spells:

 Spells                   Type           Power      Damage    Failure   Level
 Sting                    Tmut/Pois      8%         1d3       21%         1
 Lesser Beckoning         Tloc           4%         N/A       30%         2
 Poisonous Vapours        Pois/Air       4%         N/A       30%         2
 Gell's Gravitas          Tloc           2%         N/A       52%         3
 Inner Flame              Hex/Fire       2%         N/A       52%         3
 Stone Arrow              Conj/Erth      4%         3d7       52%         3
 Teleport Other           Tloc           2%         N/A       52%         3
 Flame Wave               Conj/Fire      2%         2d4       90%         4
 Leda's Liquefaction      Hex/Erth       1%         N/A       90%         4
 Olgreb's Toxic Radiance  Pois           2%         N/A       90%         4
 Sticky Flame             Conj/Fire      2%         2d3       90%         4
 Lee's Rapid Deconstruct  Erth           1%         3d4*      99%         5
 Bombard                  Conj/Erth      1%         9d1       100%        6


Dungeon Overview and Level Annotations

Branches:
Dungeon (9/15)             Temple (1/1) D:5            Lair (2/5) D:9
 Shoals (0/4) Lair:2      Ossuary (visited)          Bailey (visited)
  Snake: Lair:2-3    Spider: Lair:2-3       Orc: D:9-12

Altars:
Ashenzari
Cheibriados
Dithmenos
Elyvilon
Fedhas
Gozag
Hepliaklqana
Kikubaaqudgha
Makhleb
Nemelex Xobeh
Qazlal
Ru
Sif Muna
Trog
Uskayaw
Vehumet
Wu Jian
Xom
Yredelemnul
Zin
The Shining One

Shops:
D:8 *

Annotations:
D:2 1 runed translucent door, exclusion: door
D:9 2 transporters, Phlounder's ghost, novice OpSh


Innate Abilities, Weirdness & Mutations

You have blades for front paws.
((You have sharp claws.))
You have razor-sharp teeth.
You have supernaturally acute eyesight. (SInv)
You cover ground quickly. (Speed+)
Your thick and shaggy fur keeps you warm. (AC +3, rC+)
((Your paws help you pounce on unaware monsters.))
You are incapable of wielding weapons or throwing items.
You cannot wear armour.
You gain extra lives every three experience levels.


Message History

The wolf completely misses you.
The merfolk throws a boomerang.
The boomerang barely misses you.
You slice the wolf!!
You kill the wolf!
Your icy armour cracks and falls away as you move.
Casting: Ozocubu's Armour (dangerous; 2% risk of failure)
Confirm with . or Enter, or press ? or * to list all spells.
A film of ice covers your body! The merfolk barely misses you.
You barely miss the merfolk.
The merfolk is distracted by your dazzling golden aura.
The merfolk shouts!
You slash the merfolk!
The merfolk is no longer distracted by gold.
The merfolk is lightly wounded.
The merfolk siren chants a haunting song.
You easily resist.
The merfolk barely misses you.
You slash the merfolk!
The merfolk is moderately wounded.
The merfolk barely misses you.
You slash the merfolk! Your slash misses the merfolk.
The merfolk is severely wounded.
The merfolk siren chants a haunting song.
You easily resist.
The merfolk hits you with a +0 trident!!
You completely miss the merfolk. You bite the merfolk.
The merfolk is severely wounded.
The merfolk closely misses you.
You hit the merfolk.
The merfolk is severely wounded.
The merfolk siren closely misses you.
The merfolk hits you with a +0 trident!!
* * * LOW HITPOINT WARNING * * *
You closely miss the merfolk.
The merfolk is severely wounded.
The merfolk siren misses you.
You slash the merfolk!
The merfolk is almost dead.
The merfolk hits you with a +0 trident!!
You die...
Your body crumbles into a pile of gold.

#......##≈#
#.....#≈≈##
.P....≈≈~### ##
##.~≈≈...# ...
##P~.....P#### ....
#~..~~~....PP###.....
##~..~.............#
#..~.~~.~....<$....#
##
##...≈~.~...@......#
.#
#...~~....m####.###
## #.~.~~.~..m# # #
#~..≈......# #
#~~.~~.....# #
...~≈~.....#
...≈~~....# ###
.~~≈≈.....# ##.#
.~≈≈.....#


You could see a merfolk and a merfolk siren.

Vanquished Creatures
  Gastronok (Lair:1)
  A two-headed ogre (D:8)
  Pikel (D:9)
  An orc knight (Bailey)
  3 elephants (Lair:2)
  Maurice (D:9)
  Joseph (Lair:1)
  2 black mambas
  2 cane toads (Lair:1)
  2 kobold demonologists (Bailey)
  5 komodo dragons
  2 unseen horror zombies (D:8)
  A merfolk (Lair:2)
  2 hornets
  Grinder (D:6)
  3 blink frogs (Lair:1)
  A wraith (D:9)
  Eustachio (D:3)
  21 yaks
  2 wyverns
  A basilisk (Lair:1)
  Menkaure (D:5)
  A water moccasin (Lair:1)
  3 black bears
  13 orc warriors
  2 hornet zombies (D:8)
  An ice beast (D:7)
  4 centaurs
  5 wolves
  2 kobold brigands
  A phantom (D:6)
  4 bullfrogs
  A scorpion (D:5)
  8 wights (D:9)
  4 electric eels (Bailey)
  3 howler monkeys (D:9)
  4 centaur zombies (D:8)
  2 jellies
  3 orc priests (D:4)
  A hound (D:6)
  Ijyb (D:4)
  6 iguanas
  5 orc wizards
  A killer bee zombie (D:8)
  8 mummies (Ossuary)
  6 gnolls
  5 adders
  2 ufetubi (D:4)
  3 worms (D:2)
  33 orcs
  3 endoplasms
  4 giant cockroaches
  2 gnoll zombies (Ossuary)
  8 hobgoblins
  5 quokkas
  5 ball pythons
  5 bats
  17 goblins
  2 hobgoblin zombies (Ossuary)
  17 kobolds
  3 kobold zombies (Ossuary)
  An orc zombie (Ossuary)
  4 rats
264 creatures vanquished.

Vanquished Creatures (others)
  A water moccasin (Lair:2)
1 creature vanquished.

Grand Total: 265 creatures vanquished

Notes
Turn   | Place    | Note
-------+----------+-------------------------------------------
     0 | D:1      | avis the Felid Shapeshifter began the quest for the Orb.
     0 | D:1      | Reached XP level 1. HP: 9/9 MP: 2/2
   317 | D:1      | Reached XP level 2. HP: 12/12 MP: 3/3
  1028 | D:2      | Reached XP level 3. HP: 15/15 MP: 4/4
  1098 | D:2      | Found a faded altar of an unknown god.
  1462 | D:2      | Found a runed translucent door.
  1994 | D:3      | Found a blossoming altar of Fedhas.
  2206 | D:4      | Reached skill level 5 in Shapeshifting
  2206 | D:4      | Reached XP level 4. HP: 6/19 MP: 5/5
  2284 | D:4      | Noticed Eustachio
  2363 | D:3      | Killed Eustachio
  2364 | D:3      | Reached XP level 5. HP: 8/22 MP: 6/6
  2449 | D:4      | Noticed a black bear
  2457 | D:4      | Killed a black bear
  2458 | D:4      | Reached skill level 1 in Spellcasting
  2458 | D:4      | Gained mutation: You are covered in thick fur. (AC +2)
                  | [Felid growth]
  2458 | D:4      | Reached XP level 6. HP: 20/26 MP: 6/8
  2462 | D:4      | Learned a level 3 spell: Ozocubu's Armour
  2633 | D:4      | Noticed Ijyb
  2642 | D:4      | Killed Ijyb
  2643 | D:4      | Reached skill level 3 in Dodging
  2643 | D:4      | Reached skill level 1 in Ice Magic
  2796 | D:4      | Found a sparkling altar of Nemelex Xobeh.
  3056 | D:5      | Entered Level 5 of the Dungeon
  3122 | D:4      | Reached skill level 4 in Dodging
  3122 | D:4      | Reached XP level 7. HP: 27/30 MP: 9/9
  3204 | D:4      | Reached skill level 5 in Dodging
  3386 | D:5      | Slain by an orc warrior
  3416 | D:4      | Reached skill level 6 in Dodging
  3667 | D:5      | Found an ornate altar of the Wu Jian Council.
  3670 | D:5      | Found a glowing silver altar of Zin.
  3673 | D:5      | Found a radiant altar of Vehumet.
  3809 | D:5      | Found a staircase to the Ecumenical Temple.
  3835 | Temple   | Entered the Ecumenical Temple
  3844 | Temple   | Became a worshipper of Gozag Ym Sagoz the Greedy
  4045 | D:5      | Found a stormy altar of Qazlal.
  4076 | D:5      | Found a sacrificial altar of Ru.
  4261 | D:6      | Found a sand-covered staircase.
  4270 | Ossuary  | Entered an ossuary
  4437 | Ossuary  | Reached XP level 8. HP: 9/34 MP: 12/12
  5178 | D:6      | Noticed a hornet
  5189 | D:6      | Killed a hornet
  5190 | D:6      | Reached skill level 7 in Dodging
  5210 | D:6      | Reached skill level 8 in Dodging
  5357 | D:6      | Noticed Menkaure
  5738 | D:5      | Killed Menkaure
  5739 | D:5      | Reached skill level 9 in Dodging
  6038 | D:6      | Noticed Grinder
  6279 | D:6      | Paralysed by Grinder for 2 turns
  6295 | D:6      | Killed Grinder
  6296 | D:6      | Reached skill level 5 in Fighting
  6296 | D:6      | Reached XP level 9. HP: 37/40 MP: 13/13
  6493 | D:7      | Learned a level 7 spell: Ozocubu's Refrigeration
  6617 | D:7      | Reached skill level 5 in Unarmed Combat
  7197 | D:7      | Found a shimmering altar of Xom.
  7198 | D:7      | Found a snail-covered altar of Cheibriados.
  7199 | D:7      | Found a hazy altar of Hepliaklqana.
  7199 | D:7      | Found a shadowy altar of Dithmenos.
  7279 | D:7      | Found a burning altar of Makhleb.
  7565 | D:8      | Noticed a two-headed ogre
  7572 | D:8      | Killed a two-headed ogre
  7822 | D:8      | Reached skill level 10 in Dodging
  8180 | D:8      | Reached skill level 11 in Dodging
  8189 | D:8      | Reached XP level 10. HP: 30/44 MP: 14/14
  8334 | D:8      | Identified the +1 robe of the Morning {Harm Str+2 Int+3}
  8350 | D:8      | Reached skill level 12 in Dodging
  8388 | D:8      | Found a basalt altar of Yredelemnul.
  8517 | D:8      | Reached skill level 5 in Ice Magic
  8659 | D:8      | Found Vuenonei's General Store.
  8664 | D:8      | Bought a scroll of revelation for 90 gold pieces
  8664 | D:8      | Bought a wand of roots (5) for 144 gold pieces
  8664 | D:8      | Bought a wand of roots (6) for 172 gold pieces
  8664 | D:8      | Bought a potion of heal wounds for 60 gold pieces
  8664 | D:8      | Bought a potion of haste for 120 gold pieces
  8906 | Bailey   | Identified the of Qeychame
  8948 | D:9      | Noticed a manticore
  8961 | D:9      | Noticed Phlounder's ghost (novice OpSh)
  8968 | D:9      | Noticed a two-headed ogre
  9002 | D:9      | Found a flagged portal.
  9010 | Bailey   | Entered a bailey
  9792 | Bailey   | Identified the "Jileq" (You acquired it in a bailey)
  9936 | Bailey   | Found an iron altar of Okawaru.
  9945 | Bailey   | Noticed a rust devil
 10101 | Bailey   | Killed from afar by an electric eel
 10179 | Bailey   | Noticed an orc knight
 10247 | Bailey   | Killed an orc knight
 10349 | D:9      | Reached XP level 11. HP: 35/47 MP: 18/18
 10587 | D:9      | Noticed Maurice
 10606 | D:9      | Killed Maurice
 10607 | D:9      | Reached skill level 10 in Shapeshifting
 10637 | D:9      | Noticed Pikel
 10638 | D:9      | Found a transporter.
 10646 | D:9      | Killed Pikel
 10696 | D:9      | Found a transporter.
 11018 | D:9      | Found a staircase to the Lair.
 11062 | D:9      | Acquired 573 gold pieces
 11102 | D:12     | Identified the "Pehep"
 11102 | Gauntlet | Identified the "Garyugac"
 11102 | Gauntlet | Identified the "Seetas"
 11102 | Lair:1   | Entered Level 1 of the Lair of Beasts
 11102 | Lair:1   | Noticed Joseph
 11437 | Lair:1   | Killed Joseph
 11725 | Lair:1   | Noticed Gastronok
 11737 | Lair:1   | Killed from afar by Gastronok
 12691 | Lair:1   | Killed Gastronok
 12820 | Lair:1   | Bought a potion of mutation for 104 gold pieces
 12820 | Lair:1   | Bought 2 potions of invisibility for 208 gold pieces
 12820 | Lair:1   | Bought a potion of heal wounds for 65 gold pieces
 12820 | Lair:1   | Bought a potion of heal wounds for 65 gold pieces
 12820 | Lair:1   | Bought a potion of curing for 39 gold pieces
 12820 | Lair:1   | Bought a potion of heal wounds for 65 gold pieces
 12820 | Lair:1   | Bought a potion of brilliance for 52 gold pieces
 12820 | Lair:1   | Bought a potion of curing for 39 gold pieces
 12820 | Lair:1   | Bought a potion of curing for 39 gold pieces
 12820 | Lair:1   | Bought a potion of heal wounds for 65 gold pieces
 12820 | Lair:1   | Bought a potion of haste for 130 gold pieces
 13147 | Lair:2   | Reached skill level 13 in Dodging
 13147 | Lair:2   | Gained mutation: Your thick and shaggy fur keeps you warm.
                  | (AC +3, rC+) [Felid growth]
 13147 | Lair:2   | Reached XP level 12. HP: 54/54 MP: 16/19
 13356 | Lair:2   | Found a staircase to the Shoals.
 13542 | Lair:2   | Reached skill level 14 in Dodging
 13543 | Lair:2   | Mangled by a merfolk
 13796 | Lair:2   | Mangled by a merfolk

Illustrated notes

Levels and vault maps discovered:
D:1:      ldierk_walled_garden_2, layout_basic, minmay_misc_feat_encased
D:2:      layout_basic, shapermc_ecumenical_altar_mp_vishouse,
          uniq_crazy_yiuf_cottage
D:3:      layout_loops_cross, fedhas_altar_2
D:4:      kennysheep_the_goblin_king, layout_rooms, lemuel_round_altar,
          uniq_eustachio
D:5:      layout_rooms, mainiacjoe_overflow_alcove_4,
          grunt_temple_overflow_diamond, old_standard_altar, temple_pool_b
D:6:      layout_basic, mainiacjoe_ossuary_entry_dusty_tomb,
          kennysheep_generic_room_7, uniq_grinder, uniq_menkaure
D:7:      layout_loops_cross, mainiacjoe_overflow_concentric_impassable,
          mainiacjoe_overflow_alcove_3
D:8:      layout_loops_ring, nicolae_yredelemnul_corpse_copse, serial_shops,
          nicolae_shop_tiny_statue_garden
D:9:      layout_cave_pools, lair_entry_dummy, enter_bailey_6,
          gammafunk_ghost_arena, uniq_pikel, uniq_maurice
Temple:   nicolae_temple_ecumenical_triangle
Lair:1:   layout_gridlike, uniq_gastronok, uniq_joseph
Lair:2:   layout_cellular_growth, elwin_shoals_entry_stream,
          nicolae_snake_entry_squirm, chequers_serial_rivers_small_3,
          serial_bayou_shore_a, infiniplex_staircase_pool

Skill      XL: |  1  2  3  4  5  6  7  8  9 10 11 12 |
---------------+-------------------------------------+-----
Shapeshifting  | 4 5 6 7 9 11 | 11.0
Spellcasting   | 1 2 4 |  4.0
Fighting       | 2 3 5 7 |  7.0
Dodging        | 4 6 9 11 12 13 14 | 14.3
Ice Magic      | 1 3 4 8 |  8.0
Unarmed Combat | 5 7 |  7.0

Action                     |  1- 3 |  4- 6 |  7- 9 | 10-12 || total
---------------------------+-------+-------+-------+-------++-------
  Melee: Unarmed           |    96 |    88 |   289 |   491 ||   964
         Bite              |     8 |    10 |    43 |    60 ||   121
         Punch             |       |       |       |    20 ||    20
   Cast: Ozocubu's Armour  |       |       |    31 |    65 ||    96
 Invoke: Call Merchant     |       |       |       |     1 ||     1
  Evoke: Wand              |       |       |    18 |    28 ||    46
    Use: Scroll            |       |       |    15 |     5 ||    20
         Potion            |       |       |     1 |    11 ||    12
   Stab: Sleeping          |     4 |       |       |       ||     4
         Invisible         |       |       |       |     2 ||     2
         Distracted        |       |       |       |     1 ||     1
 Armour: Skin              |    16 |    33 |    89 |   161 ||   299
  Dodge: Dodged            |    58 |   107 |   258 |   510 ||   933
   Form: Flux              |     1 |       |       |       ||     1
         Blade             |       |       |       |     1 ||     1

Table legend: (Time is in decaauts)
 A = Elapsed time spent in this place.
 B = Non-inter-level travel time spent in this place.
 C = Inter-level travel time spent in this place.
 D = Time resting spent in this place.
 E = Time spent auto-exploring this place.
 F = Levels seen in this place.
 G = Mean time per level.
                   A        B        C        D        E       F      G
               +--------+--------+--------+--------+--------+-----+--------+
         Total |  12227 |  11173 |   1054 |   4111 |   3037 |  14 |  873.4 |
       Dungeon |   8243 |   7372 |    871 |   2369 |   2824 |   9 |  915.9 |
        Temple |    170 |    162 |      8 |    135 |      0 |   1 |  170.0 |
          Lair |   1934 |   1761 |    173 |    763 |    189 |   2 |  967.0 |
       Ossuary |    706 |    706 |      0 |    277 |      0 |   1 |  706.0 |
        Bailey |   1171 |   1171 |      0 |    566 |     23 |   1 | 1171.0 |
               +--------+--------+--------+--------+--------+-----+--------+

Top non-repeatable levels by time:
  Lair:1: 1680 daAuts
  Bailey: 1171 daAuts
     D:8: 1147 daAuts
     D:9: 1130 daAuts
     D:5: 1040 daAuts
     D:6: 997 daAuts
     D:7: 981 daAuts
     D:4: 842 daAuts
     D:3: 796 daAuts
 Ossuary: 706 daAuts
     D:1: 666 daAuts
     D:2: 641 daAuts
  Lair:2: 253 daAuts
  Temple: 170 daAuts
